 Dungeon Crawl Stone Soup version 0.17-a0-802-g1f09329 (webtiles) character file.

703 namelastname112 the Gusty (level 7, -1/52 HPs)
             Began as a Mottled Draconian Air Elementalist on Apr 26, 2015.
             Was an Initiate of Kikubaaqudgha.
             Shot with an arrow by a centaur (2 damage)
             ... on level 5 of the Dungeon.
             The game lasted 00:07:38 (3373 turns).

namelastname112 the Gusty (DrAE)                    Turns: 3373, Time: 00:07:39

Health: -1/52      AC:  9    Str: 11    XL:     7   Next: 39%
Magic:  1/13       EV: 12    Int: 17    God:    Kikubaaqudgha [......]
Gold:   190        SH:  0    Dex: 11    Spells: 1 memorised, 13 levels left

rFire  . . .     SeeInvis .     r - +0 dagger (pain)
rCold  . . .     Clarity  .     (armour unavailable)
rNeg   . . .     SustAb   .     (no shield)
rPois  .         Gourm    .     (helmet restricted)
rElec  .         Spirit   .     k - +0 cloak
rCorr  .         Warding  .     h - +0 pair of gloves
rMut   .         Stasis   .     c - +0 pair of boots
MR     .....                    (no amulet)
Stlth  ++........               (no ring)
                                (no ring)

@: very slightly contaminated, not resistant to hostile enchantments, unstealthy
A: breathe sticky flame splash, unfitting armour, cold-blooded, AC +6
a: Breathe Sticky Flame, Renounce Religion


You were on level 5 of the Dungeon.
You worshipped Kikubaaqudgha.
Kikubaaqudgha was noncommittal.
You were very hungry.

You visited 1 branch of the dungeon, and saw 5 of its levels.

You collected 190 gold pieces.

Inventory:

Hand weapons
 j - a +2 hand axe of freezing
 r - a +0 dagger of pain (weapon)
Armour
 c - a +0 pair of boots (worn)
 h - a +0 pair of gloves (worn)
 k - a +0 cloak (worn)
Jewellery
 e - an uncursed ring of ice
Scrolls
 f - 3 scrolls of enchant armour {unknown}
 i - 4 scrolls of teleportation {unknown}
 m - a scroll of amnesia {unknown}
 n - 2 scrolls of remove curse {unknown}
 o - a scroll of random uselessness {unknown}
Potions
 g - a potion of agility
 q - a potion of brilliance {unknown}
Books
 a - a book of Air

   Spells                             Type                      Level
   a - Shock                          Conjuration/Air              1
   b - Swiftness                      Charms/Air                   2
   c - Repel Missiles                 Charms/Air                   2
   d - Flight                         Charms/Air                   3
   e - Static Discharge               Conjuration/Air              3
   f - Lightning Bolt                 Conjuration/Air              5
Comestibles
 b - 3 bread rations
 d - 2 meat rations
 p - a royal jelly


   Skills:
 + Level 1.2 Fighting
 + Level 1.2 Short Blades
 - Level 1.7 Dodging
 - Level 1.7 Stealth
 + Level 4.3 Spellcasting
 - Level 4.4 Conjurations
 + Level 1.2 Necromancy
 - Level 5.3 Air Magic


You had 13 spell levels left.
You knew the following spells:

 Your Spells              Type           Power        Failure   Level  Hunger
z - Shock                 Conj/Air       ###.         1%          1    None


Dungeon Overview and Level Annotations

Branches:
Dungeon (5/15)
 Temple: D:4-7

Altars:
Ashenzari
Dithmenos
Fedhas
Gozag
Kikubaaqudgha
Trog
Yredelemnul


Innate Abilities, Weirdness & Mutations

You can spit globs of burning liquid.
You can ignite nearby creatures when you spit burning liquid.
Your weird mottled scales are hard (AC +6).
Your body does not fit into most forms of armour.
You are cold-blooded and may be slowed by cold attacks.


Message History

Confirm with . or Enter, or press ? or * to list all spells.
Aiming: Shock
Press: ? - help, Shift-Dir - straight line, f/p - centaur
Aim: a centaur, wielding a shortbow of flaming The zap misses the centaur.
The centaur shoots an arrow.
The arrow hits you!
* * * LOW HITPOINT WARNING * * *
The arrow burns you.
* * * LOW HITPOINT WARNING * * *
Casting: Shock
Confirm with . or Enter, or press ? or * to list all spells.
Aiming: Shock
Press: ? - help, Shift-Dir - straight line, f/p - centaur
Aim: a centaur, wielding a shortbow of flaming The zap hits the centaur.
The centaur is moderately wounded.
The centaur shoots an arrow.
The arrow hits you.
* * * LOW HITPOINT WARNING * * *
The arrow burns you.
You die...
Kikubaaqudgha rasps: "You have failed me!
Welcome... death!"

#.#.###
###########.#.... .
#..............###
..####+##........)#.##.
...................#.##.
.§............c....#....
§......†...........###..
§§....?....########.#
#.. ..#####@### #.# #..
#[# #.# #.. #)# #.# #..
#)# #.# #.. #.# #.###..
... #..... #.# #...#.
... #..... ... +...#.


You could see a centaur.

Vanquished Creatures
  Grinder (D:3)
  A scorpion (D:5)
  A hound (D:4)
  An orc priest (D:5)
  Ijyb (D:3)
  An orc wizard (D:4)
  A giant frog skeleton (D:4)
  2 worker ants (D:4)
  A hound skeleton (D:4)
  7 adders
  4 gnolls (D:2)
  A shadow imp (D:4)
  2 oozes
  2 adder skeletons (D:4)
  A worm (D:2)
  16 orcs
  A ball python (D:4)
  9 bats
  A bat skeleton (D:4)
  6 giant cockroaches
  8 goblins
  9 hobgoblins
  5 jackals
  11 kobolds
  A quokka (D:4)
  4 giant geckos
  2 giant newts
  A quokka skeleton (D:5)
  7 rats
108 creatures vanquished.

Notes
Turn   | Place    | Note
--------------------------------------------------------------
     0 | D:1      | namelastname112, the Draconian Air Elementalist, began the quest for the Orb.
     0 | D:1      | Reached XP level 1. HP: 14/14 MP: 3/3
   106 | D:1      | Reached XP level 2. HP: 15/20 MP: 1/5
   904 | D:2      | Reached XP level 3. HP: 26/26 MP: 0/6
  1076 | D:2      | Reached XP level 4. HP: 31/33 MP: 1/8
  1316 | D:2      | Reached skill level 4 in Air Magic
  1643 | D:3      | Noticed Grinder
  1644 | D:3      | Paralysed by Grinder for 2 turns
  1659 | D:3      | Killed Grinder
  1659 | D:3      | Reached XP level 5. HP: 21/38 MP: 6/10
  1659 | D:3      | Reached XP level 6. HP: 24/45 MP: 6/11
  1753 | D:3      | Noticed Ijyb
  1778 | D:3      | Killed Ijyb
  2274 | D:4      | Reached skill level 5 in Air Magic
  2497 | D:4      | Found a shattered altar of Ashenzari.
  2719 | D:4      | Your scales start taking on a weird mottled colour.
  2719 | D:4      | Reached XP level 7. HP: 50/50 MP: 4/13
  2922 | D:4      | Found a blossoming altar of Fedhas.
  2927 | D:4      | Found an opulent altar of Gozag.
  2928 | D:4      | Found a bloodstained altar of Trog.
  2928 | D:4      | Found a basalt altar of Yredelemnul.
  2929 | D:4      | Found a shadowy altar of Dithmenos.
  2929 | D:4      | Found an ancient bone altar of Kikubaaqudgha.
  2941 | D:4      | Became a worshipper of Kikubaaqudgha
  3291 | D:5      | Entered Level 5 of the Dungeon
  3357 | D:5      | Reached skill level 1 in Short Blades
  3357 | D:5      | Reached skill level 1 in Necromancy
  3368 | D:5      | Reached skill level 1 in Fighting
  3373 | D:5      | HP: 1/52 [centaur/arrow (4)]
  3373 | D:5      | Shot with an arrow by a centaur

Action                   |  1- 3 |  4- 6 |  7- 9 || total
-------------------------+-------+-------+-------++-------
Melee: Dagger            |    24 |       |     5 ||    29
       Unarmed           |     6 |       |       ||     6
       Hand axe          |    16 |    56 |     2 ||    74
 Cast: Shock             |    48 |   117 |    50 ||   215
  Use: Potion            |       |     3 |       ||     3
 Stab: Sleeping          |       |     1 |       ||     1
  Eat: Chunk             |     1 |     5 |       ||     6
       Pizza             |       |       |     1 ||     1
